 Dungeon Crawl Stone Soup version bcrawl-1.21.2-20-g6d45ba5942 (webtiles) character file.

Game seed: 90922969054107751

10815 MisterOstroum the Slicer (level 11, -1/69 HPs)
             Began as a Mana Stalker Archaeologist on Feb 25, 2020.
             Was an Elder of Wu Jian.
             Splashed by an acid dragon's acid (10 damage)
             ... on level 10 of the Dungeon.
             The game lasted 00:16:49 (7537 turns).

MisterOstroum the Slicer (VSAc)                     Turns: 7537, Time: 00:16:50

Health: -1/69      AC: 15    Str: 21    XL:     11   Next: 68%
Magic:  16/16      EV: 11    Int: 14    God:    Wu Jian [****..]
Gold:   733        SH:  2    Dex: 14    Spells: 4/10 levels left

rFire    . . .     SeeInvis .   a - +9 quick blade
rCold    . . .     Gourm    .   (no shield)
rNeg     . . .     Faith    .   i - +0 chain mail {rPois}
rPois    +         Spirit   .   M - +1 helmet
rElec    .         Reflect  +   (no cloak)
rCorr    .         Harm     .   C - +1 pair of gloves
MR       ++...                  d - +1 pair of boots
Stlth    +.........             z - +2 amulet of reflection
HPRegen  0.61/turn              j - +6 ring of slaying
MPRegen  0.15/turn              f - +5 ring of strength

@: exhausted, about to teleport, lightly drained
A: fangs 3, magic resistance 1, regeneration 1, antimagic bite, no potion heal
3, rot immunity, strong jaws
a: Wall Jump, Serpent's Lash, Heavenly Storm, Renounce Religion


You were on level 10 of the Dungeon.
You worshipped Wu Jian.
Wu Jian was greatly pleased with you.
You were not hungry.

You visited 2 branches of the dungeon, and saw 11 of its levels.

You collected 733 gold pieces.

Inventory:

Hand Weapons
 a - a +9 quick blade (weapon)
 b - a +0 rapier
 c - a +0 blowgun
 p - a +0 hunting sling
Missiles
 h - 2665 stones (quivered)
 t - 498 bolts
 D - 520 arrows
 I - 269 tomahawks
 K - 773 sling bullets
 O - 238 poisoned needles
Armour
 d - a +1 pair of boots (worn)
 i - a +0 chain mail of poison resistance (worn)
 v - a +2 hat
 C - a +1 pair of gloves (worn)
 M - a +1 helmet (worn)
Jewellery
 f - a +5 ring of strength (right hand)
 j - a +6 ring of slaying (left hand)
 k - an uncursed ring of stealth
 o - an uncursed ring of insulation
 z - a +2 amulet of reflection (around neck)
 F - an uncursed ring of fire
 G - an uncursed ring of flight
 N - a +3 ring of dexterity
Wands
 x - a wand of random effects (12)
 L - a wand of iceblast (8)
 R - a wand of polymorph (6)
 T - a wand of digging (9)
 U - a wand of paralysis (6)
Scrolls
 g - 2 scrolls of magic mapping {@r5 !r}
 l - 2 scrolls of noise {unknown}
 s - 5 scrolls of remove curse
 u - 4 scrolls of identify {@r1}
 y - 2 scrolls of teleportation {@r3 !r}
 A - 2 scrolls of immolation
 B - 6 scrolls of fog {unknown}
 E - 2 scrolls of enchant armour {unknown}
 J - a scroll of fear {unknown}
Potions
 m - 2 potions of lignification {@q6}
 q - a potion of resistance
 r - 4 potions of curing {@q1 !q}
 w - a potion of brilliance
 H - a potion of haste {@q4 !q}
 P - 3 potions of might
 S - a potion of flight
 V - a potion of cancellation
Comestibles
 e - 20 rations {!d}
 n - 4 chunks of flesh


   Skills:
 * Level 8.5(8.0) Fighting
 + Level 9.1(8.6) Short Blades
   Level 0.8(0.5) Maces & Flails
 + Level 4.0(3.6) Armour
 + Level 7.3(6.8) Dodging
 + Level 8.6(8.1) Stealth
 * Level 6.5(6.1) Evocations


You had 4 spell levels left.
You knew the following spells:

 Your Spells              Type           Power        Failure   Level  Hunger
a - Borgnjor's Vile Clut  Necr/Erth      #.........   100%        6    #######

Your spell library contained the following spells:

 Spells                   Type           Power        Failure   Level  Hunger
 Ensorcelled Hibernation  Hex/Ice        #.....       99%         2    ###....
 Darkness                 Hex            #.........   100%        6    #######
 Infestation              Hex/Tmut/Pois  #........    100%        6    #######
 Shadow Creatures         Summ           N/A          100%        6    #######
 Time Stop                Chrm/Tloc      N/A          100%        8    #######


Dungeon Overview and Level Annotations

Branches:
Dungeon (10/12)            Temple (1/1) D:5             Orc (0/1) D:8
   Lair: D:7-9

Altars:
Ashenzari
Cheibriados
Dithmenos
Elyvilon
Gozag
Kikubaaqudgha
Nemelex Xobeh
Wu Jian
Zin
Beogh

Shops:
D:6 }   D:8 *

Annotations:
D:4 exclusion: slave
D:7 exclusion: orc wizard
D:8 7 exclusions


Innate Abilities, Weirdness & Mutations

You have razor-sharp teeth.
You are resistant to hostile enchantments. (MR+)
Your natural rate of healing is unusually fast.
Your bite disrupts and absorbs the magic of your enemies.
Potions cannot restore your health.
You are immune to rotting.
Your bites deal extra damage.


Message History

Found a pair of gloves.
You now have 733 gold pieces (gained 25).
A shadow imp comes into view.
The shadow imp shouts, "Slither away, thou fulsome toad-spotted coxcomb!"
The shadow imp gestures at you. Pain shoots through your body!
A shadow imp is nearby!
You see here a pair of gloves.
You hit the shadow imp. Your bite misses the shadow imp.
The shadow imp is heavily wounded.
You puncture the shadow imp!
You kill the shadow imp!
The Council accepts your kill.
No target in view!
No target in view!
No target in view!
No target in view!
No target in view!
No target in view!
No target in view!
No target in view!
An orc comes into view. It is wielding a +0 short sword.
An orc is nearby!
An orc is nearby!
The orc shouts!
You hear a shout! x3
An orc wizard comes into view. It is wielding a +0 dagger.
An orc comes into view. It is wielding a -1 flail.
Found a scroll of identify.
The orc wizard mumbles some strange words.
The orc wizard flickers and vanishes!
Deactivating autopickup; reactivate with Ctrl-A.
Found a ring mail.
You puncture the orc!
You kill the orc!
The Council accepts your kill.
A magic dart appears from out of thin air!
The magic dart hits you!
An orc comes into view. It is wielding a +0 flail.
A wizard comes into view. It is wielding a +0 dagger.
An orc comes into view. It is wielding a +0 club.
The orc throws a tomahawk.
The tomahawk barely misses you.
You puncture the orc!
You kill the orc!
The Council accepts your kill. Something hits you.
Things that are here:
a cursed -1 flail; a +0 chain mail A centaur comes into view.
The centaur shouts!
The centaur wields a cursed +0 shortbow.
The centaur shoots an arrow.
The arrow barely misses you. Something hits you.
You puncture the orc!
You kill the orc!
The Council accepts your kill.
The wizard gestures at you while chanting.
The crystal spear hits you!!!
Ouch! That really hurt!
* * * LOW HITPOINT WARNING * * *
You hear a roar!
An acid dragon comes into view.
The acid dragon roars!
The centaur shoots an arrow.
The arrow hits you!
* * * LOW HITPOINT WARNING * * *
The orc closely misses you.
A magic dart appears from out of thin air!
The magic dart hits you but does no damage.
The wizard hits you but does no damage.
Okay, then.
Unknown command.
Your muscles tense, ready for explosive movement...
You spin and attack the orc repeatedly, with incredible momentum.
You puncture the orc!
You blow up the orc!
The Council accepts your kill.
You spin and attack the wizard repeatedly, with incredible momentum.
You puncture the wizard!
The wizard is moderately wounded.
You impale the wizard!!
The wizard is severely wounded.
You puncture the wizard!
You blow up the wizard!
The Council accepts your kill.
Your life force feels restored.
Your Armour skill increases to level 4!
You see here a +0 club.
You feel drained.
Your supernatural speed expires.
Something hits you but does no damage.
Things that are here:
a cursed -1 flail; a +0 chain mail Something hits you but does no damage.
The centaur shoots an arrow.
The arrow hits you but does no damage.
Really read
y - 3 scrolls of teleportation {@r3 !r}?
As you read the scroll of teleportation {@r3 !r}, it crumbles to dust.
You feel strangely unstable. Something hits you but does no damage.
The centaur shoots an arrow.
The arrow hits you but does no damage. The acid dragon spits acid at you.
The splash of acid hits you.
* * * LOW HITPOINT WARNING * * *
You are splashed with acid!
You die...

.................#
.................#
...............[.#
.................#
.................#
...........).....#
.................#
D..D..)○.)......##
......%..{@....##
..............##
......?....%.##
.....%......##
.....c.[...##
..........##
.........##
........##


You could see an acid dragon and a centaur.

Vanquished Creatures
  Snorg (D:10)
  Psyche (D:9)
  A two-headed ogre (D:9)
  Nergalle (D:10)
  A wizard (D:10)
  A centaur zombie (D:8)
  2 trolls
  Grinder (D:3)
  A hippogriff (D:6)
  8 yaks (D:9)
  2 wyverns
  A basilisk (D:9)
  Menkaure (D:5)
  A soldier ant (D:8)
  A crocodile (D:7)
  Duvessa (D:4)
  A water moccasin (D:7)
  9 orc warriors
  An ice beast (D:5)
  4 ogres
  A black bear (D:9)
  2 sky beasts
  A phantom (D:7)
  A necrophage (D:9)
  A wolf (D:8)
  4 bullfrogs
  2 big kobolds
  2 wyvern zombies (D:7)
  Dowan (D:4)
  2 scorpions
  A howler monkey (D:3)
  3 crimson imps
  A bullfrog zombie (D:7)
  A jelly (D:7)
  3 hounds
  11 orc priests
  A bullfrog skeleton (D:9)
  10 orc wizards
  3 centaur skeletons
  7 iguanas
  7 worker ants
  A mummy (D:9)
  Robin (D:3)
  7 gnolls
  11 adders
  A shadow imp (D:10)
  3 adder skeletons
  3 adder zombies
  3 worms
  2 dart slugs (D:2)
  4 leopard geckos
  42 orcs
  A giant cockroach (D:1)
  13 goblins
  11 hobgoblins
  12 jackals
  22 kobolds
  7 quokkas
  8 bats
  5 frilled lizards
  A leopard gecko skeleton (D:4)
  A rat (D:1)
264 creatures vanquished.

Notes
Turn   | Place    | Note
-------+----------+-------------------------------------------
     0 | D:1      | MisterOstroum the Vine Stalker Archaeologist began the
                  | quest for the Orb.
     0 | D:1      | Reached XP level 1. HP: 11/11 MP: 2/2
    49 | D:1      | Reached skill level 1 in Fighting
   102 | D:1      | Reached skill level 1 in Short Blades
   163 | D:1      | Reached XP level 2. HP: 10/16 MP: 3/3
   582 | D:2      | Reached XP level 3. HP: 18/20 MP: 4/4
   593 | D:2      | Reached skill level 2 in Short Blades
   601 | D:2      | Reached XP level 4. HP: 25/26 MP: 5/5
   695 | D:2      | Found an ancient bone altar of Kikubaaqudgha.
   732 | D:2      | Noticed an ogre
   750 | D:2      | Killed an ogre
   750 | D:2      | Reached skill level 3 in Short Blades
   750 | D:2      | Reached XP level 5. HP: 23/31 MP: 6/6
   750 | D:2      | Identified a scroll of acquirement
  1162 | D:3      | Noticed Grinder
  1210 | D:3      | Reached skill level 4 in Short Blades
  1210 | D:3      | Gained mutation: You have razor-sharp teeth. [Vine Stalker
                  | growth]
  1210 | D:3      | Reached XP level 6. HP: 8/36 MP: 7/7
  1583 | D:3      | Noticed Robin
  1796 | D:3      | Killed Robin
  1818 | D:3      | Paralysed by Grinder for 4 turns
  1825 | D:3      | Paralysed by Grinder for 3 turns
  1843 | D:3      | Paralysed by Grinder for 2 turns
  1864 | D:3      | Killed Grinder
  1864 | D:3      | Reached skill level 5 in Short Blades
  1864 | D:3      | Reached XP level 7. HP: 11/42 MP: 8/8
  2034 | D:3      | Found an ornate altar of the Wu Jian Council.
  2185 | D:3      | Became a worshipper of the Wu Jian Council
  2335 | D:4      | Reached skill level 6 in Short Blades
  2335 | D:4      | Gained mutation: Your bite disrupts and absorbs the magic
                  | of your enemies. [Mana Stalker growth]
  2335 | D:4      | Gained mutation: You are resistant to hostile enchantments.
                  | (MR+) [Mana Stalker growth]
  2335 | D:4      | Reached XP level 8. HP: 41/48 MP: 8/9
  2363 | D:4      | Found a white marble altar of Elyvilon.
  2499 | D:4      | Noticed Duvessa
  2499 | D:4      | Noticed Dowan
  2562 | D:4      | Reached * piety under Wu Jian
  2736 | D:4      | Killed Dowan
  2751 | D:4      | Killed Duvessa
  2751 | D:4      | Reached skill level 5 in Dodging
  3129 | D:5      | Entered Level 5 of the Dungeon
  3268 | D:5      | Noticed Menkaure
  3283 | D:5      | Reached skill level 7 in Short Blades
  3373 | D:5      | Reached skill level 5 in Fighting
  3510 | D:5      | Identified the ring "Vyasud" {Wiz *Contam Dex+4 SInv} (You
                  | acquired it on level 5 of the Dungeon)
  3527 | D:5      | Reached XP level 9. HP: 54/54 MP: 10/10
  3550 | D:5      | Found a sparkling altar of Nemelex Xobeh.
  3582 | D:5      | Reached skill level 8 in Short Blades
  3810 | D:5      | Reached ** piety under Wu Jian
  3864 | D:5      | Reached skill level 1 in Evocations
  3889 | D:5      | Killed Menkaure
  3930 | D:5      | Found a staircase to the Ecumenical Temple.
  3932 | D:5      | Reached skill level 5 in Stealth
  3936 | Temple   | Entered the Ecumenical Temple
  3981 | D:6      | Found Rugatu's Gadget Shop.
  4023 | D:6      | Reached skill level 1 in Armour
  4266 | D:6      | Noticed a troll
  4284 | D:6      | Killed a troll
  4366 | D:6      | Found a shattered altar of Ashenzari.
  4794 | D:7      | Reached XP level 10. HP: 56/61 MP: 13/13
  4895 | D:7      | Found a glowing silver altar of Zin.
  5142 | D:7      | Reached *** piety under Wu Jian
  5776 | D:8      | Found an opulent altar of Gozag.
  5780 | D:8      | Found Gozag's Platinum Reserve.
  5956 | D:8      | Learned a level 6 spell: Borgnjor's Vile Clutch
  6173 | D:8      | Found a roughly hewn altar of Beogh.
  6173 | D:8      | Found a staircase to the Orcish Mines.
  6376 | D:8      | Found a roughly hewn altar of Beogh.
  6376 | D:8      | Found a staircase to the Orcish Mines.
  6455 | D:8      | Found an opulent altar of Gozag.
  6456 | D:8      | Found Gozag's Platinum Reserve.
  6771 | D:9      | Reached skill level 5 in Evocations
  6850 | D:9      | Found a shadowy altar of Dithmenos.
  6863 | D:9      | Noticed a two-headed ogre
  6869 | D:9      | Killed a two-headed ogre
  6869 | D:9      | Reached XP level 11. HP: 50/67 MP: 14/16
  6921 | D:9      | Reached **** piety under Wu Jian
  7269 | D:9      | Found a snail-covered altar of Cheibriados.
  7281 | D:9      | Noticed Psyche
  7285 | D:9      | Killed Psyche
  7435 | D:10     | Entered Level 10 of the Dungeon
  7449 | D:10     | Noticed Snorg
  7453 | D:10     | Killed Snorg
  7453 | D:10     | Reached skill level 9 in Short Blades
  7481 | D:10     | Noticed Nergalle
  7484 | D:10     | Killed Nergalle
  7528 | D:10     | Noticed a wizard
  7535 | D:10     | Killed a wizard
  7537 | D:10     | Splashed by an acid dragon's acid

Skill      XL: |  1  2  3  4  5  6  7  8  9 10 11 |
---------------+----------------------------------+-----
Fighting       | 1 2 3 4 5 6 7 8 |  8.5
Short Blades   | 1 2 3 4 5 6 7 8 9 |  9.1
Dodging        | 4 5 6 7 |  7.3
Evocations     | 3 5 6 |  6.5
Stealth        | 6 7 8 |  8.6
Armour         | 2 3 4 |  4.0
Maces & Flails | |  0.8

Action                   |  1- 3 |  4- 6 |  7- 9 | 10-12 || total
-------------------------+-------+-------+-------+-------++-------
Melee: Dagger            |   101 |   186 |   219 |       ||   506
       Bite              |     7 |    16 |   106 |   107 ||   236
       Short sword       |     1 |       |       |       ||     1
       Quick blade       |       |       |   184 |   342 ||   526
Throw: Stone             |       |     4 |       |     1 ||     5
Invok: Lunge             |       |       |    29 |    31 ||    60
       Whirlwind         |       |       |    35 |    23 ||    58
 Abil: Serpent's Lash    |       |       |     1 |     5 ||     6
       Wall Jump         |       |       |     1 |       ||     1
Evoke: Wand              |       |     1 |       |       ||     1
  Use: Potion            |       |     2 |     1 |       ||     3
       Scroll            |       |     1 |     1 |    18 ||    20
 Stab: Sleeping          |       |     5 |     8 |     4 ||    17
       Distracted        |       |       |     3 |       ||     3
  Eat: Chunk             |       |     3 |    10 |     9 ||    22
Armor: Robe              |    42 |    43 |    27 |       ||   112
       Chain mail        |       |       |    22 |    40 ||    62
Dodge: Dodged            |    74 |   106 |   118 |    69 ||   367
Block: Other             |       |     9 |    11 |     5 ||    25
       Reflection        |       |     1 |       |     1 ||     2
